 Dungeon Crawl Stone Soup version 0.25-a0-246-g58704a1ebd (webtiles) character file.

Game seed: 2336546599729273205, levelgen mode: deterministic

150 floatRand the Chopper (level 5, 41/41 HPs)
             Began as a Demonspawn Monk on Dec 3, 2019.
             Quit the game on level 3 of the Dungeon.
             The game lasted 00:03:13 (2942 turns).

floatRand the Chopper (Demonspawn Monk)             Turns: 2942, Time: 00:03:13

Health: 41/41      AC:  5    Str: 12    XL:     5   Next: 10%
Magic:  5/5        EV: 14    Int: 12    God:
Gold:   141        SH:  0    Dex: 15    Spells: 4/4 levels left

rFire    . . .     SeeInvis .   a - +0 hand axe
rCold    . . .     Gourm    .   (no shield)
rNeg     . . .     Faith    .   s - +0 troll leather armour
rPois    .         Spirit   +   p - +0 helmet
rElec    .         Reflect  .   (no cloak)
rCorr    .         Harm     .   (no gloves)
MR       .....                  (no boots)
Stlth    ++........             (no amulet)
HPRegen  0.53/turn              (no ring)
MPRegen  0.09/turn              (no ring)

@: no status effects
A: magic shield, sturdy frame 1
a: no special abilities


You were on level 3 of the Dungeon.
You were not hungry.

You visited 1 branch of the dungeon, and saw 3 of its levels.

You collected 141 gold pieces.

Inventory:

Hand Weapons
 a - a +0 hand axe (weapon)
Armour
 b - a +0 robe
 p - a +0 helmet (worn)
 q - a +3 scale mail
 s - a +0 troll leather armour (worn)
Jewellery
 o - an uncursed ring of ice {unknown}
 r - an uncursed ring of magical power {unknown}
Scrolls
 d - 3 scrolls of remove curse {unknown}
 j - a scroll of immolation {unknown}
 k - a scroll of fog {unknown}
 m - a scroll of teleportation {unknown}
 n - a scroll of identify {unknown}
Potions
 e - a potion of curing {unknown}
 f - 2 potions of brilliance {unknown}
 h - a potion of degeneration {unknown}
 i - 2 potions of haste {unknown}
 l - a potion of might {unknown}
Comestibles
 c - 4 rations
 g - 2 chunks of flesh


   Skills:
 - Level 3.0 Fighting
 * Level 4.2 Axes
 + Level 2.0 Armour
 + Level 3.5 Dodging
 - Level 1.7 Stealth


You had 4 spell levels left.
You didn't know any spells.
Your spell library was empty.

Dungeon Overview and Level Annotations

Branches:
Dungeon (3/15)

Altars:
Cheibriados
Ru


Innate Abilities, Weirdness & Mutations

When hurt, damage is shared between your health and your magic reserves.
Your movements are slightly less encumbered by armour. (ER -2)


Message History

You closely miss the orc wizard.
The orc wizard is heavily wounded.
The orc wizard hits you with a +0 dagger. x2
Unknown command.
You hit the orc wizard.
The orc wizard is almost dead.
The orc wizard gestures at you while chanting.
You resist with some effort.
You hit the orc wizard.
You kill the orc wizard!
Your Armour skill increases to level 2!
You have reached level 5!
Your demonic ancestry asserts itself...
You feel your magical essence form a protective shroud around your flesh.
Things that are here:
a +0 dagger; a +0 robe No target in view!
No target in view!
There isn't anything to butcher here.
Are you sure you want to abandon this character and quit the game? (Confirm with "yes".)

#...†####.....###...............
#...............................
#.....####.....##............)..
#.....## #........)..#.........>
#......###.......####..#........
#.......##.......###<....#......
#....#..##.......#....##....###.
######...............###...## ..
#..##.....@.#.)##.....# .#
##..#.##.#.....# ...### #
##...##o#.._.....
##..##......#...
#...#..#...#.### #.#†)....#...#
##.#......#...#
#######..##.....#....
#........o....o...<


There were no monsters in sight!

Vanquished Creatures
  An orc wizard (D:3)
  Robin (D:2)
  3 adders
  2 dart slugs (D:1)
  A leopard gecko (D:1)
  4 orcs (D:3)
  2 ball pythons
  9 bats
  2 giant cockroaches (D:1)
  17 goblins
  8 hobgoblins
  5 jackals
  7 frilled lizards
  3 kobolds
  7 rats
72 creatures vanquished.

Notes
Turn   | Place    | Note
-------+----------+-------------------------------------------
     0 | D:1      | floatRand the Demonspawn Monk began the quest for the Orb.
     0 | D:1      | Reached XP level 1. HP: 18/18 MP: 1/1
    51 | D:1      | Reached skill level 3 in Axes
    51 | D:1      | Gained mutation: Your movements are slightly less
                  | encumbered by armour. (ER -2) [demonic ancestry]
    51 | D:1      | Reached XP level 2. HP: 14/24 MP: 2/2
   776 | D:1      | Reached skill level 1 in Armour
   778 | D:1      | Reached XP level 3. HP: 24/29 MP: 3/3
  1202 | D:2      | Noticed Robin
  1375 | D:2      | Found a sacrificial altar of Ru.
  1735 | D:2      | Killed Robin
  2012 | D:2      | Reached XP level 4. HP: 29/35 MP: 4/4
  2772 | D:3      | Reached skill level 4 in Axes
  2851 | D:3      | Found a snail-covered altar of Cheibriados.
  2936 | D:3      | Gained mutation: When hurt, damage is shared between your
                  | health and your magic reserves. [demonic ancestry]
  2936 | D:3      | Reached XP level 5. HP: 38/41 MP: 5/5
  2942 | D:3      | Quit the game

Levels and vault maps discovered:
D:1:      dpeg_arrival_boxes_within_box, layout_basic
D:2:      layout_loops_ring, hangedman_ru_absence, kennysheep_pointless_box,
          palyth_stone_intersect, minmay_lizard_pond, uniq_robin
D:3:      layout_rooms, tgw_trog, cheibriados_altar_1, uniq_crazy_yiuf_cottage

Skill      XL: |  1  2  3  4 |
---------------+-------------+-----
Axes           | 3 4 |  4.2
Dodging        | 3 |  3.5
Armour         | 1 2 |  2.0
Fighting       | |  3.0
Stealth        | |  1.7

Action                   |  1- 3 |  4- 6 || total
-------------------------+-------+-------++-------
Melee: Hand axe          |   138 |   114 ||   252
 Stab: Sleeping          |     6 |       ||     6
  Eat: Chunk             |     3 |     4 ||     7
Armor: Robe              |    27 |     7 ||    34
       Scale mail        |       |    36 ||    36
       Troll leather arm |       |     4 ||     4
Dodge: Dodged            |   116 |    74 ||   190

Table legend:
 A = Non-vault XP
 B = Vault XP
 C = Vault XP percentage of total XP
 D = Non-vault monster count
 E = Vault monster count
 F = Vault count percentage of total count
                 A         B        C        D         E       F
            +---------+---------+-------+---------+---------+-------
      Total |     176 |      39 |  18.1 |      56 |      16 |  22.2
            +---------+---------+-------+---------+---------+-------
        D:1 |      50 |       6 |  10.7 |      26 |       3 |  10.3
        D:2 |      42 |      33 |  44.0 |      11 |      13 |  54.2
        D:3 |      84 |       0 |   0.0 |      19 |       0 |   0.0
            +---------+---------+-------+---------+---------+-------
